 Dungeon Crawl Stone Soup version 0.15-a0-734-g2b8d6ef (webtiles) character file.

190 4tharraofdagon the Chopper (level 5, -1/55 HPs)
             Began as an Octopode Berserker on May 11, 2014.
             Was a Priest of Trog.
             Slain by a sky beast (6 damage)
             ... on Level 5 of the Dungeon.
             The game lasted 00:04:19 (813 turns).

4tharraofdagon the Chopper (Octopode Berserker)      Turns: 813, Time: 00:04:19

HP  -1/55        AC  3     Str 22      XL: 5   Next: 69%
MP   5/5         EV 13     Int 10      God: Trog [***...]
Gold 87          SH  0     Dex 11      Spells:  0 memorised,  4 levels left

rFire  . . .     SeeInvis .     a - +0 hand axe
rCold  . . .     Clarity  .     (no shield)
rNeg   . . .     Conserve .     h - +2 hat
rPois  .         rCorr    .     (no amulet)
rElec  .         rRot     .     (no ring)
SustAb . .       Spirit   .     (no ring)
rMut   .         Warding  .     (no ring)
Gourm  .         Stasis   .     (no ring)
MR     .....                    (no ring)
                                (no ring)
                                (no ring)
                                (no ring)

@: berserking, very quick, not resistant to hostile enchantments, extremely
unstealthy
A: almost no armour, amphibious, 8 rings, constrict 8, camouflage 1, gelatinous
body 1
a: Burn Spellbooks, Berserk, Trog's Hand, Renounce Religion


You were on level 5 of the Dungeon.
You worshipped Trog.
Trog was most pleased with you.
You were not hungry.

You visited 1 branch of the dungeon, and saw 5 of its levels.
You also visited: Sewer.

You collected 87 gold pieces.

Inventory:

Hand weapons
 a - a +0,+0 hand axe (weapon)
Missiles
 b - 16 darts of flame (quivered)
 j - 4 poisoned darts
Armour
 h - a +2 hat (worn)
Comestibles
 c - 4 bread rations
Scrolls
 f - 3 scrolls of identify {unknown}
 m - 3 scrolls of teleportation {unknown}
 n - a scroll of blinking {unknown}
Potions
 d - 2 potions of heal wounds {unknown}
 e - a potion of curing
 g - a potion of restore abilities {unknown}
 k - 2 potions of paralysis {unknown}
 l - a potion of poison {unknown}
 o - 3 potions of flight {unknown}
 p - 4 potions of invisibility {unknown}
 q - a potion of agility {unknown}


   Skills:
 + Level 3.9 Fighting
 * Level 4.6 Axes
 + Level 4.3 Dodging


You had 4 spell levels left.
You didn't know any spells.

Dungeon Overview and Level Annotations

Branches:
Dungeon (5/15)             Temple (0/1) D:5

Altars:
Elyvilon
Fedhas
Trog


Innate Abilities, Weirdness & Mutations

You cannot wear most types of armour.
You are amphibious.
You can wear up to eight rings at the same time.
You can use your tentacles to constrict many enemies at once.
Your skin changes colour to match your surroundings (Stealth).
Your rubbery body absorbs attacks (AC +1).


Message History

Deactivating autopickup; reactivate with Ctrl-A.
Something hits you. Something shocks you.
You slash something! Your squeeze misses something. Something hits you.
Something shocks you.
You closely miss something. You miss something. You squeeze something.
Something hits you. Something shocks you!
You closely miss something. Your squeeze misses something. Something hits you.
Something shocks you.
You closely miss something. Something hits you.
* * * LOW HITPOINT WARNING * * *
Something shocks you.
* * * LOW HITPOINT WARNING * * *
You barely miss something. Your squeeze misses something.
You barely miss something.
A sky beast appears from thin air!
Reactivating autopickup.
The sky beast hits you.
* * * LOW HITPOINT WARNING * * *
The sky beast shocks you!
You die...

..# .....#... #.#
#.#..#.... #.#
#.#........
##.#####.#._....#
#......Y........#
#####..#####........#
####............#.###..#
........)Y#######.# #..#
####.####@# #.# #[.# #
#....# #.# #..# #......#
###.###..### ........#
#..>........ ........#
#.#....(.... ###...##
#.#####..... #### #
###### #♣♣ # ♣...♣#


You could see a sky beast.

Vanquished Creatures
  A hound (D:5)
  A giant frog skeleton (D:4)
  A worker ant (D:4)
  2 adders
  A giant mite (Sewer)
  3 worms (Sewer)
  3 giant geckos
  6 oozes
  An orc (D:4)
  5 goblins
  A hobgoblin (D:4)
  4 jackals (Sewer)
  10 bats
  5 giant cockroaches
  5 giant newts
  5 kobolds
  2 rats
56 creatures vanquished.

Notes
Turn   | Place    | Note
--------------------------------------------------------------
     0 | D:1      | 4tharraofdagon, the Octopode Berserker, began the quest for the Orb.
     0 | D:1      | Reached XP level 1. HP: 16/16 MP: 1/1
    85 | D:2      | Reached XP level 2. HP: 21/21 MP: 2/2
   129 | D:2      | Found a blossoming altar of Fedhas.
   191 | D:2      | HP: 1/21 [goblin/dagger (5)]
   228 | D:2      | Acquired Trog's second power
   276 | D:4      | Reached XP level 3. HP: 18/26 MP: 3/3
   325 | D:4      | Reached skill level 4 in Axes
   325 | D:4      | Reached XP level 4. HP: 27/31 MP: 4/4
   362 | D:4      | Found a white marble altar of Elyvilon.
   413 | D:4      | Found a glowing drain.
   417 | Sewer    | Entered a sewer
   512 | Sewer    | Reached XP level 5. HP: 19/37 MP: 5/5
   713 | D:5      | Entered Level 5 of the Dungeon
   766 | D:5      | Found a staircase to the Ecumenical Temple.
   779 | D:5      | Noticed a sky beast
   784 | D:5      | Found a bloodstained altar of Trog.
   813 | D:5      | Slain by a sky beast

Action                   |  1- 3 |  4- 6 || total
-------------------------+-------+-------++-------
Melee: Hand axe          |    45 |    71 ||   116
Invok: Trog's Hand       |     1 |     1 ||     2
       Berserk           |     1 |     2 ||     3
  Use: Potion            |     1 |       ||     1
 Stab: Sleeping          |     3 |     3 ||     6

Vault maps used:
D:1:      dpeg_arrival_central, serial_forest, infiniplex_forest_end_3,
          infiniplex_forest_zigzag_1, infiniplex_forest_lined_corner,
          infiniplex_forest_lined_2, infiniplex_forest_clump_diagonal,
          infiniplex_forest_lined_2, minmay_misc_feat_pillars
D:2:      old_standard_altar, lemuel_round_altar, lemuel_crystal_altar,
          first_bread
D:3:      kennysheep_generic_room_6
D:4:      elyvilon_altar_2, gup_sewer_entry_bowl
D:5:      bloody_trog, minmay_temple_entry_enclosed_plants, uniq_menkaure
Sewer:    sewer_fruit_machine
